Map: Celestial Enclave LE

Players

MentosMento

  • Race: Zerg Zerg
  • League: Diamond
  • Spawn Location: 1:00

AMCHOLDER - Winner!

  • Race: Zerg Zerg
  • League: Diamond
  • Spawn Location: 7:00

VOD

Have the link to the VOD?

Description

Time

  • Played on: Dec. 27, 2025, 9:04 a.m.
  • Length: 5:14
Show
View Real Time Build Order
Export as new Build Order

MentosMento Zerg 

Build Orders: Pool First 

Get SALT Encoding   

  12  0:00  Drone  
  13  0:14  Extractor  
  12  0:24  Spawning Pool  
  12  0:28  Drone  
  12  0:33  Drone  
  13  0:38  Drone  
  14  0:49  Overlord  
  14  1:12  Zergling x2  
  14  1:13  Zergling x4  
  14  1:18  Metabolic Boost  
  17  1:24  Zergling x2  
  18  1:34  Zergling x2  
  18  1:37  Queen  
  21  1:45  Zergling x2  
  22  2:03  Hatchery  
  22  2:05  Zergling x2  
  22  2:16  Baneling Nest  
  21  2:30  Zergling x2  
  20  2:45  Zergling x2  
  20  2:46  Zergling x2  
  18  2:53  Zergling x2  
  18  2:54  Zergling x6  
  22  3:01  Baneling x2  
  22  3:06  Overlord  
  22  3:23  Zergling x2  
  22  3:24  Zergling x2  
  22  3:55  Baneling x2  
  21  3:57  Zergling x4  
  21  3:58  Zergling x10  
  25  4:28  Zergling x2  
  25  4:29  Zergling x8  
  29  4:34  Roach Warren  
  29  4:35  Drone x2  
  30  4:41  Drone  
  30  4:59  Drone x2  
  26  5:00  Drone x2  
Show
View Real Time Build Order
Export as new Build Order

AMCHOLDER Zerg - Winner!

Build Orders: Hatch First 

Get SALT Encoding   

  12  0:00  Drone  
  13  0:08  Drone  
  14  0:14  Extractor  
  14  0:15  Drone  
  15  0:25  Overlord  
  15  0:43  Hatchery  
  15  0:46  Drone  
  15  0:49  Drone  
  16  0:53  Drone  
  17  0:58  Drone  
  18  1:06  Extractor  
  17  1:12  Spawning Pool  
  17  1:15  Drone  
  17  1:20  Drone  
  18  1:30  Drone  
  19  2:00  Zergling x6  
  19  2:01  Queen x2  
  24  2:02  Zergling x2  
  24  2:08  Zergling x2  
  28  2:12  Metabolic Boost  
  26  2:28  Zergling x8  
  26  2:44  Zergling x4  
  24  2:56  Drone x2  
  24  2:57  Drone  
  27  3:03  Drone  
  28  3:10  Baneling Nest  
  27  3:13  Drone  
  27  3:14  Overlord  
  28  3:33  Zergling x14  
  32  3:39  Zergling x2  
  29  3:51  Zergling x8  
  29  3:55  Baneling  
  33  3:59  Baneling  
  33  4:06  Zergling x2  
  33  4:07  Zergling x2  
  33  4:08  Overlord  
  35  4:10  Overlord  
  35  4:19  Baneling  
  32  4:28  Zergling x8  
  34  4:32  Drone  
  34  4:34  Drone  
  36  4:45  Drone x3  
  38  4:51  Zergling x2  
  38  4:52  Zergling x2  
  38  4:58  Baneling x2  
Tags
 
Add a new tag
Caveats
  • Supply blocks, unpowered buildings, or Contaminate may cause inaccurate times.
  • Supply counts are checked every 10 seconds.